 Dungeon Crawl Stone Soup version 0.31-a0-154-g56bf346678 (webtiles) character file.

Game seed: 18072786797540045751

8389 rabbitsville the Nimble (level 11, -16/53 HPs)
             Began as a Felid Summoner on Aug 12, 2022.
             Demolished by a boulder beetle (41 damage)
             ... on level 3 of the Lair of Beasts on June 12, 2023.
             The game lasted 02:23:22 (13891 turns).

rabbitsville the Nimble (Felid Summoner)           Turns: 13891, Time: 02:23:22

Health: -16/53     AC:  3    Str:  8    XL:     11   Next: 9%
Magic:  10/32      EV: 26    Int: 20    God:
Gold:   834        SH:  0    Dex: 18    Spells: 16/29 levels left
                                        Lives:  0   Deaths: 3

rFire   . . .        (weapon unavailable)
rCold   + . .        (shield unavailable)
rNeg    . . .        (body armour unavailable)
rPois   .            (helmet unavailable)
rElec   .            (cloak unavailable)
rCorr   .            (gloves unavailable)
SInv    +            (boots unavailable)
Will    ++...        (no amulet)
Stlth   ++           m - ring of magical power
HPRegen 0.28/turn    C - +6 ring of strength
MPRegen 0.23/turn

%: no passive effects
@: quick
A: very small, claws 1, fangs 3, see invisible, speed 1, shaggy fur 3, stealthy
paws, no weapons or thrown items, no armour, multi-lived, low MP 1,
strong-willed 1, weak 1, subdued magic 1
a: no special abilities


You were on level 3 of the Lair of Beasts.
You visited 3 branches of the dungeon, and saw 16 of its levels.
You also visited: Ossuary.

You collected 847 gold pieces.
You spent 13 gold pieces at shops.

Inventory:

Jewellery
 k - a ring of positive energy
 m - a ring of magical power (left paw)
 n - a ring of flight
 A - a ring of poison resistance
 C - a +6 ring of strength (right paw)
 E - a ring of wizardry
 J - a +6 ring of strength
 K - an amulet of faith
 M - a +4 ring of slaying
Wands
 y - a wand of charming (15)
 H - a wand of polymorph (7)
 I - a wand of flame (9)
Scrolls
 b - 3 scrolls of enchant armour
 c - a scroll of torment {unknown}
 d - 4 scrolls of butterflies
 e - a scroll of blinking
 f - a scroll of silence {unknown}
 h - 2 scrolls of enchant weapon
 l - 3 scrolls of teleportation
 t - 5 scrolls of poison
 u - 5 scrolls of magic mapping
 v - 2 scrolls of noise
 w - a scroll of acquirement {unknown}
 x - 3 scrolls of vulnerability
 F - a scroll of fear {unknown}
 G - a scroll of brand weapon {unknown}
 L - a scroll of fog {unknown}
Potions
 a - 2 potions of magic
 g - a potion of berserk rage {unknown}
 i - 2 potions of curing
 j - 4 potions of cancellation
 o - 2 potions of might
 p - 4 potions of ambrosia
 q - 2 potions of mutation
 s - 3 potions of brilliance
 z - 5 potions of attraction
 B - 3 potions of degeneration
 D - 3 potions of enlightenment
 N - a potion of haste


   Skills:
 + Level 9.3 Fighting
 + Level 12.3 Dodging
 - Level 2.6 Stealth
 + Level 9.7 Spellcasting
 - Level 5.0 Hexes
 - Level 10.0 Summonings
 - Level 7.0 Translocations
 - Level 7.0 Air Magic


You had 16 spell levels left.
You knew the following spells:

 Your Spells              Type           Power      Damage    Failure   Level
a - Summon Small Mammal   Summ           100%       N/A       1%          1
b - Call Imp              Summ           76%        N/A       1%          2
c - Call Canine Familiar  Summ           38%        N/A       1%          3
d - Summon Guardian Gole  Hex/Summ       30%        N/A       1%          3
e - Summon Lightning Spi  Summ/Air       33%        N/A       1%          4

Your spell library contained the following spells:

 Spells                   Type           Power      Damage    Failure   Level
 Shock                    Conj/Air       72%        1d7       1%          1
 Slow                     Hex            88%        N/A       1%          1
 Blink                    Tloc           58%        N/A       1%          2
 Lesser Beckoning         Tloc           58%        N/A       1%          2
 Static Discharge         Conj/Air       36%        2-4/arc   1%          2
 Confusing Touch          Hex            22%        N/A       1%          3
 Swiftness                Air            29%        N/A       1%          3
 Tukima's Dance           Hex            22%        N/A       1%          3
 Vhi's Electric Charge    Tloc/Air       58%        N/A       1%          3
 Airstrike                Air            14%        2d(3-19)  3%          4
 Manifold Assault         Tloc           29%        N/A       3%          4
 Passage of Golubria      Tloc           29%        N/A       3%          4
 Kiss of Death            Conj/Necr      28%        2d7       5%          1
 Silence                  Hex/Air        12%        N/A       14%         5
 Vampiric Draining        Necr           7%         2d6       19%         3
 Arcjolt                  Conj/Air       9%         1d19      38%         5
 Lightning Bolt           Conj/Air       9%         1d21      38%         5
 Dispel Undead            Necr           7%         3d8       52%         4
 Yara's Violent Unravell  Hex/Tmut       7%         3d5       52%         5
 Lehudib's Crystal Spear  Conj/Erth      3%         10d3      100%        8


Dungeon Overview and Level Annotations

Branches:
Dungeon (11/15)            Temple (1/1) D:6            Lair (4/5) D:11
  Snake (0/4) Lair:3      Ossuary (visited)
  Swamp: Lair:2-3    Shoals: Lair:2-3     Slime: Lair:4-5       Orc: D:9-12

Altars:
Ashenzari
Cheibriados
Dithmenos
Elyvilon
Fedhas
Gozag
Hepliaklqana
Kikubaaqudgha
Makhleb
Nemelex Xobeh
Okawaru
Qazlal
Ru
Sif Muna
Trog
Uskayaw
Vehumet
Wu Jian
Xom
Yredelemnul
Zin
The Shining One

Shops:
D:8 !

Portals:
Trove: D:10 (give 6 scrolls of fear)

Annotations:
D:8 1 runed translucent door, CorralTheTroops's ghost, novice TrMo
D:10 1 runed translucent door
Lair:2 Fannar
Lair:3 Rupert


Innate Abilities, Weirdness & Mutations

You have sharp claws.
You have razor-sharp teeth.
You have supernaturally acute eyesight. (SInv)
You cover ground quickly. (Speed+)
Your thick and shaggy fur keeps you warm. (AC +3, rC+)
Your paws help you pounce on unaware monsters.
You are incapable of wielding weapons or throwing items.
You cannot wear armour.
You gain extra lives every three experience levels.
Your magical capacity is low. (-10% MP)
You are strong-willed. (Will+)
You are weak. (Str -2)
Your spells are a little easier to cast, but a little less powerful.


Message History

The bolt of electricity hits the blink frog!
The blink frog dies!
Your lightning spire shoots out a bolt of lightning at the blink frog!
The bolt of electricity hits the blink frog!
Your hound bites the blink frog.
The blink frog blinks!
Your lightning spire disappears in a puff of smoke!
The blink frog misses your hound.
Your hound bites the blink frog.
The blink frog blinks!
Your hound closely misses the blink frog.
Your hound barely misses the blink frog.
The blink frog hits your hound. Flame seeps out of your guardian golem.
Your guardian golem is engulfed in blazing flames.
Flame seeps out of your guardian golem.
Your hound barely misses the blink frog.
The blink frog misses your hound.
Your guardian golem is engulfed in blazing flames.
Flame seeps out of your guardian golem.
Your hound bites the blink frog.
The blink frog blinks!
Your guardian golem is engulfed in blazing flames.
Flame seeps out of your guardian golem.
Your hound barely misses the blink frog.
The blink frog hits your hound!
Your hound dies!
Your hound's corpse disappears in a puff of smoke!
Your guardian golem disappears in a puff of smoke!
Your guardian golem explodes!
The fiery explosion engulfs the blink frog!!
The blink frog dies!
You see here a blink frog corpse.
You are too injured to fight recklessly!
Casting: Summon Guardian Golem (safe; 1% risk of failure)
Press: ? - help, Q - select action, (/) - cycle Dir - look around, f - activate A guardian golem appears, shielding your allies.
The boulder beetle curls into a ball and begins rolling!
Blink to where?
Press: ? - help, Dir - move target
As you read the scroll of blinking, it crumbles to dust.
The boulder beetle hits you!!!
Ouch! That really hurt!
You die...

#...# #...# #...# #...##
#...P# ....... #..§##
#......! ###...#
###........
#..†9○###.##........ ...
###@B............... ....
#####°................
.....#.#.#°§§....P###......
.........†>....#.## #.....
...#...P..§§§..### ##....
#####.......# #....
##.......## #>...
#..†......# ##....
##†......##### #.....


You could see a boulder beetle (rolling, ally target) and a friendly guardian
golem (summoned).

Vanquished Creatures
  Eustachio (D:6)
  A hound (D:4)
  3 orcs
  A giant cockroach (D:1)
  A hobgoblin (D:1)
  A jackal (D:3)
  A kobold (D:3)
  3 bats
12 creatures vanquished.

Vanquished Creatures (collateral kills)
  Gastronok (Lair:1)
  Urug (Lair:1)
  3 cane toads
  A komodo dragon (Lair:1)
  An unseen horror (D:10)
  A rime drake (Lair:3)
  3 blink frogs (Lair:3)
  Sigmund (D:3)
  A wyvern (Lair:2)
  A shadow (D:9)
  A basilisk (Lair:1)
  6 yaks
  3 water moccasins
  2 wolves (Lair:2)
  A phantom (D:4)
  2 necrophages
  Blork the orc (D:5)
  2 scorpions
  12 bullfrogs
  A gnoll sergeant (D:9)
  6 killer bees (D:9)
  3 howler monkeys
  8 orc priests
  2 hounds
  5 iguanas
  10 orc wizards
  2 nameless horrors
  13 mummies (Ossuary)
  9 gnolls
  11 adders
  A shadow imp (D:5)
  2 white imps
  An ufetubus (D:5)
  4 worms
  3 dart slugs
  38 orcs
  2 ball pythons
  3 bats
  9 endoplasms
  5 giant cockroaches
  6 goblins
  A hobgoblin (D:1)
  2 jackals (D:3)
  A quokka (D:4)
  3 frilled lizards
  4 goblin skeletons (Ossuary)
  14 kobolds
  2 kobold skeletons (Ossuary)
  2 orc skeletons (Ossuary)
  An orc zombie (D:5)
  5 rats
  11 rat skeletons (Ossuary)
234 creatures vanquished.

Vanquished Creatures (others)
  Erica (Lair:1)
  A centaur warrior (D:10)
  3 two-headed ogres
  A black mamba (Lair:1)
  8 cane toads
  Maggie (Lair:1)
  2 komodo dragons (Lair:1)
  A guardian mummy (D:10)
  3 trolls (D:10)
  Prince Ribbit (D:5)
  Grinder (D:5)
  2 blink frogs (Lair:3)
  2 wyverns
  A shadow (D:10)
  2 wraiths (D:10)
  9 yaks
  A steam dragon (D:6)
  A basilisk (Lair:3)
  Menkaure (D:6)
  2 acid dragons
  3 water moccasins
  2 ice beasts
  2 orc warriors (D:10)
  A black bear (D:4)
  6 wolves
  4 centaurs
  A necrophage (D:6)
  2 gnoll sergeants
  A bullfrog (Lair:2)
  A scorpion (D:5)
  A wight (D:10)
  6 killer bees (D:9)
  An orc priest (D:10)
  3 gnoll boudas
  An iguana (D:5)
  8 gnolls
  A giant cockroach (D:3)
  A kobold (D:4)
89 creatures vanquished.

Grand Total: 335 creatures vanquished

Notes
Turn   | Place    | Note
-------+----------+-------------------------------------------
     0 | D:1      | rabbitsville the Felid Summoner began the quest for the
                  | Orb.
     0 | D:1      | Reached XP level 1. HP: 7/7 MP: 4/4
   133 | D:1      | Reached XP level 2. HP: 9/11 MP: 3/6
   136 | D:1      | Learned a level 2 spell: Call Imp
   183 | D:1      | Found a faded altar of an unknown god.
   948 | D:2      | Reached XP level 3. HP: 14/14 MP: 6/8
   952 | D:2      | Learned a level 3 spell: Call Canine Familiar
  1493 | D:3      | Reached XP level 4. HP: 18/18 MP: 4/9
  1502 | D:3      | Learned a level 3 spell: Summon Guardian Golem
  1517 | D:3      | Noticed Sigmund
  1526 | D:3      | Killed Sigmund
  1527 | D:3      | Reached skill level 5 in Summonings
  1527 | D:3      | Reached XP level 5. HP: 21/21 MP: 7/11
  1572 | D:3      | Noticed a water moccasin
  1580 | D:3      | Killed a water moccasin
  1581 | D:3      | Gained mutation: You are covered in thick fur. (AC +2)
                  | [Felid growth]
  1581 | D:3      | Reached XP level 6. HP: 13/24 MP: 9/13
  2131 | D:3      | Learned a level 4 spell: Summon Lightning Spire
  2481 | D:4      | Reached skill level 3 in Dodging
  2481 | D:4      | Reached XP level 7. HP: 28/28 MP: 7/14
  2541 | D:4      | Reached skill level 1 in Fighting
  2541 | D:4      | Reached skill level 1 in Air Magic
  2642 | D:4      | Gained mutation: Your spells are a little easier to cast,
                  | but a little less powerful. [potion of mutation]
  2642 | D:4      | Gained mutation: You are weak. (Str -2) [potion of
                  | mutation]
  2642 | D:4      | Gained mutation: Your magical capacity is low. (-10% MP)
                  | [potion of mutation]
  2642 | D:4      | Gained mutation: You are strong-willed. (Will+) [potion of
                  | mutation]
  2663 | D:4      | Killed from afar by an orc priest
  2664 | D:4      | Reached XP level 6. HP: -7/25 MP: 12/12
  2664 | D:4      | Upgraded the game from 0.29-a0-1023-g6ae1a4a2c7 to
                  | 0.29-a0-1027-gcd8c55af63
  3034 | D:4      | Reached XP level 7. HP: 29/29 MP: 12/13
  3144 | D:4      | Reached skill level 4 in Dodging
  3144 | D:4      | Reached skill level 5 in Spellcasting
  3144 | D:4      | Reached skill level 5 in Hexes
  3187 | D:5      | Entered Level 5 of the Dungeon
  3459 | D:5      | Found a sand-covered staircase.
  3488 | Ossuary  | Entered an ossuary
  4056 | D:5      | Reached XP level 8. HP: 23/34 MP: 15/15
  4056 | D:5      | Noticed Grinder
  4253 | D:5      | Reached skill level 5 in Dodging
  4262 | D:5      | Killed Grinder
  4385 | D:5      | Noticed Prince Ribbit
  4420 | D:5      | Noticed Blork the orc
  4441 | D:5      | Killed Blork the orc
  4451 | D:5      | Killed Prince Ribbit
  4529 | D:5      | Found a white marble altar of Elyvilon.
  4531 | D:5      | Found a hazy altar of Hepliaklqana.
  5184 | D:6      | Reached skill level 6 in Dodging
  5199 | D:6      | Noticed Eustachio
  5295 | D:6      | Killed Eustachio
  5296 | D:6      | Reached XP level 9. HP: 29/39 MP: 14/17
  5830 | D:6      | Found a staircase to the Ecumenical Temple.
  5837 | Temple   | Entered the Ecumenical Temple
  6128 | D:6      | Noticed Menkaure
  6140 | D:6      | Killed Menkaure
  6684 | D:7      | Reached skill level 7 in Dodging
  6747 | D:7      | You are sucked into a shaft and drop 1 floor!
  6750 | D:8      | Found Nyip's Distillery.
  6757 | D:8      | Bought a potion of degeneration for 13 gold pieces
  6935 | D:7      | Upgraded the game from 0.29-a0-1027-gcd8c55af63 to
                  | 0.29-a0-1043-g569b05d6ff
  7307 | D:8      | Noticed a two-headed ogre
  7328 | D:7      | Reached skill level 5 in Fighting
  7526 | D:8      | Upgraded the game from 0.29-a0-1043-g569b05d6ff to
                  | 0.29-a0-1052-g6990b1bffc
  7613 | D:8      | Found a runed translucent door.
  7613 | D:8      | Found a shimmering altar of Xom.
  7613 | D:8      | Noticed CorralTheTroops's ghost (novice TrMo)
  7613 | D:8      | Noticed a +2 flail of chaos
  7657 | D:8      | Reached skill level 5 in Air Magic
  7685 | D:8      | Killed a two-headed ogre
  7686 | D:8      | Reached skill level 8 in Dodging
  7686 | D:8      | Reached XP level 10. HP: 35/44 MP: 13/19
  7926 | D:8      | Upgraded the game from 0.29-a0-1052-g6990b1bffc to
                  | 0.30-a0-140-gd1020e658a
  7926 | D:8      | Upgraded the game from 0.30-a0-140-gd1020e658a to
                  | 0.30-a0-390-g80c34de65d
  8334 | D:9      | HP: 2/45 [orc priest/divine providence (14)]
  9401 | D:10     | Entered Level 10 of the Dungeon
  9435 | D:10     | Found a runed translucent door.
  9439 | D:10     | Noticed a six-headed hydra
  9629 | D:10     | Found a portal to a secret trove of treasure.
  9644 | D:10     | Reached skill level 9 in Dodging
  9803 | D:10     | Noticed a centaur warrior
  9850 | D:10     | Killed a centaur warrior
 10040 | D:10     | Noticed a two-headed ogre
 10050 | D:10     | Killed a two-headed ogre
 10051 | D:10     | Reached XP level 11. HP: 45/49 MP: 17/21
 10614 | D:10     | Noticed a two-headed ogre
 10622 | D:10     | Killed a two-headed ogre
 10623 | D:10     | Reached skill level 10 in Dodging
 10892 | D:11     | Found a staircase to the Lair.
 10905 | D:11     | Upgraded the game from 0.30-a0-390-g80c34de65d to
                  | 0.30-a0-586-g23e55c9e0a
 11164 | D:11     | Noticed a green ugly thing
 11207 | Lair:1   | Entered Level 1 of the Lair of Beasts
 11271 | Lair:1   | Noticed Gastronok
 11299 | Lair:1   | Reached skill level 1 in Translocations
 11313 | Lair:1   | Killed Gastronok
 11409 | Lair:1   | You fall into a shaft and drop 1 floor!
 11498 | Lair:2   | Reached skill level 10 in Summonings
 11610 | Lair:2   | Noticed Fannar
 11654 | Lair:1   | Noticed Urug
 11830 | Lair:1   | Noticed Maggie
 11857 | Lair:1   | Killed Maggie
 11901 | Lair:2   | Upgraded the game from 0.30-a0-586-g23e55c9e0a to
                  | 0.30-a0-722-g3e6e8c874d
 11981 | Lair:2   | Reached skill level 11 in Dodging
 12000 | Lair:2   | Reached skill level 5 in Translocations
 12162 | Lair:2   | Upgraded the game from 0.30-a0-722-g3e6e8c874d to
                  | 0.31-a0-154-g56bf346678
 12172 | Lair:2   | Gained mutation: Your thick and shaggy fur keeps you warm.
                  | (AC +3, rC+) [Felid growth]
 12172 | Lair:2   | Reached XP level 12. HP: 38/55 MP: 23/23
 12195 | Lair:2   | Slain by a cane toad
 12196 | Lair:2   | Reached XP level 11. HP: -2/51 MP: 23/31
 12894 | Lair:1   | HP: 2/52 [Urug/silver javelin (6)]
 12909 | Lair:1   | Killed Urug
 12998 | Lair:1   | Noticed Erica
 13011 | Lair:1   | Killed Erica
 13043 | Lair:1   | Killed by an exploding themself... ignited by their inner
                  | flame
 13044 | Lair:1   | Reached XP level 10. HP: -21/49 MP: 9/30
 13507 | Lair:3   | Noticed a harpy
 13591 | Lair:3   | Found a staircase to the Snake Pit.
 13653 | Lair:3   | Noticed Rupert
 13735 | Lair:3   | Noticed an elephant
 13743 | Lair:4   | Noticed a cane toad
 13754 | Lair:4   | Killed a cane toad
 13758 | Lair:4   | Noticed a death yak
 13777 | Lair:3   | Noticed a torpor snail
 13812 | Lair:3   | Reached skill level 12 in Dodging
 13814 | Lair:3   | Noticed a cane toad
 13814 | Lair:3   | Noticed a boulder beetle
 13820 | Lair:3   | Killed a cane toad
 13868 | Lair:3   | Reached XP level 11. HP: 20/53 MP: 8/23
 13891 | Lair:3   | Demolished by a boulder beetle

Illustrated notes

Levels and vault maps discovered:
D:1:      amcnicky_arrival_feature_with_door, layout_rooms,
          shapermc_ecumenical_altar_mp_vishouse, chequers_arboretum
D:2:      layout_basic, minmay_pentomino_w2
D:3:      layout_rooms, minmay_quadrilaterals, uniq_sigmund
D:4:      layout_rooms
D:5:      layout_basic, gammafunk_temple_overflow_pools, enter_ossuary_3,
          uniq_blork_the_orc, uniq_grinder, uniq_prince_ribbit1
D:6:      layout_basic, minmay_temple_entry_overgrown, uniq_menkaure,
          uniq_eustachio
D:7:      layout_rooms
D:8:      layout_basic, serial_shops, shop, ebering_ghost_xom,
          minmay_statues_item
D:9:      layout_gridville, nicolae_benzene_ring
D:10:     cheibrodos_fzero, layout_irregular_city,
          nicolae_trove_entry_path_of_doom, minmay_st_funbox
D:11:     layout_basic, lair_entry_dummy, serial_co_window_serial,
          co_window_corner_a, co_window_corner_a, co_window_paths_a,
          co_window_of_opportunity_a, co_window_of_opportunity_a,
          co_window_paths_a, co_window_paths_a, co_window_of_opportunity_b,
          co_window_broadway_c, co_window_paths_c, co_window_of_opportunity_c,
          co_window_corner_b, co_window_unsneaky_path_e, co_window_4corner_b,
          glass_columns_a, eat_drink_and_be_merry_uskayaw
Temple:   nicolae_temple_bog_church
Lair:1:   layout_long_grid, chequers_serial_rivers_small_3, grunt_megastairs_4,
          uniq_urug, uniq_erica, uniq_maggie, uniq_gastronok
Lair:2:   layout_cave_pods, infiniplex_staircase_pool_2, uniq_fannar
Lair:3:   layout_chaotic_city, nicolae_shoals_entry_roost,
          guppyfry_snake_entry_island, uniq_rupert
Lair:4:   layout_misc_corridors, nicolae_slime_entry_slimehenge,
          lemuel_fruit_fields, lemuel_fruit_tree, uniq_josephine

Skill      XL: |  1  2  3  4  5  6  7  8  9 10 11 |
---------------+----------------------------------+-----
Spellcasting   | 3 4 5 6 7 9 |  9.7
Hexes          | 3 4 5 |  5.0
Summonings     | 5 6 7 8 9 10 | 10.0
Dodging        | 3 4 6 8 12 11 | 12.3
Fighting       | 2 4 5 9 8 |  9.3
Air Magic      | 2 3 5 6 7 |  7.0
Translocations | 7 6 |  7.0
Stealth        | |  2.6

Action                     |  1- 3 |  4- 6 |  7- 9 | 10-12 || total
---------------------------+-------+-------+-------+-------++-------
  Melee: Unarmed           |    20 |    11 |    36 |    19 ||    86
         Bite              |     1 |     2 |     3 |     4 ||    10
         Punch             |     1 |       |     1 |       ||     2
   Cast: Summon Small Mamm |    29 |     3 |     1 |       ||    33
         Call Imp          |     6 |     4 |    11 |     7 ||    28
         Call Canine Famil |     4 |    16 |    74 |    58 ||   152
         Summon Guardian G |       |     6 |    32 |    81 ||   119
         Summon Lightning  |       |       |    14 |    42 ||    56
  Evoke: Wand              |       |       |       |     1 ||     1
    Use: Scroll            |       |       |     8 |    15 ||    23
         Potion            |       |       |     4 |     9 ||    13
 Armour: Skin              |     5 |     1 |    13 |     1 ||    20
  Dodge: Dodged            |    41 |    24 |    77 |   163 ||   305

Table legend: (Time is in decaauts)
 A = Elapsed time spent in this place.
 B = Non-inter-level travel time spent in this place.
 C = Inter-level travel time spent in this place.
 D = Time resting spent in this place.
 E = Time spent auto-exploring this place.
 F = Levels seen in this place.
 G = Mean time per level.
                   A        B        C        D        E       F      G
               +--------+--------+--------+--------+--------+-----+--------+
         Total |  11613 |  11072 |    541 |      0 |   2066 |  17 |  683.1 |
       Dungeon |   8753 |   8457 |    296 |      0 |   1565 |  11 |  795.7 |
        Temple |    124 |    111 |     13 |      0 |     92 |   1 |  124.0 |
          Lair |   2257 |   2027 |    230 |      0 |    373 |   4 |  564.2 |
       Ossuary |    478 |    478 |      0 |      0 |     34 |   1 |  478.0 |
               +--------+--------+--------+--------+--------+-----+--------+

Top non-repeatable levels by time:
  Lair:2: 1197 daAuts
    D:10: 1142 daAuts
     D:5: 1117 daAuts
     D:6: 1031 daAuts
     D:8: 982 daAuts
  Lair:1: 892 daAuts
     D:9: 843 daAuts
     D:4: 823 daAuts
     D:3: 777 daAuts
     D:1: 741 daAuts
     D:7: 603 daAuts
 Ossuary: 478 daAuts
     D:2: 396 daAuts
    D:11: 294 daAuts
  Lair:3: 147 daAuts
